AoeStats
← Feifred

Fortress

509936838Analyzed
4v4 RM · 4d ago on Sep 28, 2026· 74m 48s· 8 players
Game mode
Random Map
Map size
Huge
Population
200
Speed
Normal
Resources
Standard
Victory
Conquest
Starting age
Dark Age
Ending age
Imperial Age
RankedLock teamsTeams togetherTeam positionsShared explorationLock speedFull tech treeHidden civsTurbo modeCheats
Victory
Defeat
🇩🇪 Italians · Germany
1451
+13
🇩🇪 Hindustanis · Germany
1398
+15
🇩🇪 Magyars · Germany
1312
+18
🇩🇪 Celts · Germany
1265
+20
🇺🇸 Ethiopians · United States
1412
-18
🇨🇴 Italians · Colombia
1361
-16
🇫🇮 Teutons · Finland
1355
-16
🇺🇸 Malay · United States
1343
-16
whitewidow52
5:25 Loom
7:56 Feudal Age
9:52 Feudal Age
10:32 Double-Bit Axe
12:57 Castle Age
11:19 Horse Collar
13:59 Wheelbarrow
23:04 Gold Mining
23:42 Scale Barding Armor
23:42 Heavy Plow
26:26 Imperial Age
24:14 Hand Cart
25:50 Crossbowman
26:31 Arbalester
27:37 Ballistics
28:20 Chemistry
27:55 Forced Levy
27:55 Fletching
28:06 Padded Archer Armor
29:09 Bodkin Arrow
29:52 Bracer
30:14 Thumb Ring
31:11 Leather Archer Armor
30:52 Elite Skirmisher
32:22 Ring Archer Armor
31:55 Pikeman
32:21 Arson
32:34 Halberdier
33:28 Forging
33:25 Squires
33:37 Man-at-Arms
34:19 Long Swordsman
35:40 Iron Casting
35:49 Conscription
35:19 Two-Handed Swordsman
38:39 Siege Engineers
46:20 Town Watch
53:48 Bow Saw
59:55 Bombard Tower
engarvi
8:38 Feudal Age
10:00 Double-Bit Axe
12:37 Castle Age
10:40 Horse Collar
13:36 Bow Saw
13:28 Heavy Plow
17:07 Wheelbarrow
16:19 Loom
17:43 Gold Mining
18:00 Town Watch
24:28 Imperial Age
22:04 Stone Mining
23:05 Hand Cart
23:58 Masonry
23:41 Fletching
24:30 Stone Shaft Mining
26:28 Chemistry
25:25 Bodkin Arrow
25:44 Town Patrol
26:19 Crop Rotation
26:34 Conscription
26:56 Crenellations
27:41 Hoardings
28:26 Padded Archer Armor
28:53 Ballistics
29:44 Leather Archer Armor
31:53 Two-Man Saw
32:10 Ring Archer Armor
32:33 Ironclad
32:10 Pikeman
34:58 Halberdier
35:41 Squires
37:47 Caravan
38:27 Scale Mail Armor
44:55 Chain Mail Armor
44:50 Forging
46:00 Coinage
46:51 Plate Mail Armor
46:57 Iron Casting
47:44 Banking
48:51 Guilds
49:49 Siege Engineers
50:58 Scale Barding Armor
51:54 Blast Furnace
50:56 Cavalier
51:48 Bloodlines
52:00 Chain Barding Armor
52:14 Paladin
54:15 Plate Barding Armor
57:42 Devotion
58:50 Arson
kevinpaz6665
8:20 Feudal Age
12:10 Castle Age
17:16 Imperial Age
14:40 Double-Bit Axe
14:55 Double-Bit Axe
15:04 Loom
15:15 Horse Collar
15:59 Scale Mail Armor
16:10 Heavy Plow
17:28 Bow Saw
17:41 Scale Mail Armor
19:16 Gold Mining
22:33 Chain Mail Armor
23:22 Forging
26:37 Town Watch
27:36 Fletching
28:30 Squires
29:03 Padded Archer Armor
29:52 Bodkin Arrow
30:52 Bracer
31:56 Wheelbarrow
33:01 Arson
34:45 Leather Archer Armor
35:39 Iron Casting
38:26 Hand Cart
41:25 Plate Mail Armor
45:41 Scale Barding Armor
48:27 Light Cavalry
49:09 Husbandry
49:30 Scale Barding Armor
50:02 Bloodlines
51:15 Chain Barding Armor
60:58 Plate Barding Armor
73:20 Hussar
Feifred
7:27 Feudal Age
8:18 Double-Bit Axe
11:04 Castle Age
9:24 Horse Collar
11:43 Loom
12:12 Bow Saw
12:45 Squires
18:16 Scale Mail Armor
21:46 Heavy Plow
28:39 Wheelbarrow
28:17 Squires
28:03 Arson
33:27 Imperial Age
31:08 Gold Mining
31:10 Stone Mining
32:19 Forging
33:44 Iron Casting
33:25 Chain Mail Armor
32:46 Crossbowman
33:32 Thumb Ring
33:34 Arbalester
33:35 Man-at-Arms
33:35 Halberdier
35:33 Blast Furnace
36:08 Plate Mail Armor
37:34 Fletching
37:45 Padded Archer Armor
38:55 Conscription
40:00 Bodkin Arrow
40:21 Leather Archer Armor
42:03 Chemistry
42:19 Bracer
42:50 Ring Archer Armor
42:49 Ballistics
44:30 Hand Cart
44:01 Town Watch
45:17 Two-Man Saw
45:38 Capped Ram
49:41 Coinage
49:12 Caravan
49:23 Guilds
51:09 Gold Shaft Mining
51:09 Stone Shaft Mining
50:37 Siege Ram
52:29 Banking
53:46 Elite Shotel Warrior
60:38 Siege Engineers
60:44 Masonry
63:06 Man-at-Arms
64:02 Long Swordsman
64:41 Two-Handed Swordsman
72:56 Royal Heirs
Nitrozwerg/Janik
8:33 Feudal Age
10:19 Loom
13:32 Castle Age
12:37 Double-Bit Axe
22:33 Bow Saw
24:59 Imperial Age
23:55 Horse Collar
30:25 Conscription
32:27 Onager
35:29 Scale Mail Armor
35:39 Forging
35:33 Padded Archer Armor
36:20 Fletching
36:06 Elite Skirmisher
37:51 Bodkin Arrow
57:37 Ballistics
58:56 Caravan
67:17 Siege Onager
[PFFFT]Barbie
6:19 Loom
8:24 Feudal Age
12:19 Castle Age
10:12 Double-Bit Axe
10:20 Horse Collar
11:42 Gold Mining
13:45 Scale Barding Armor
15:38 Husbandry
17:55 Bloodlines
19:30 Wheelbarrow
19:51 Bow Saw
24:13 Chain Barding Armor
24:02 Heavy Plow
29:25 Imperial Age
28:02 Gold Shaft Mining
27:18 Stone Mining
28:38 Hand Cart
28:53 Town Watch
29:02 Light Cavalry
29:47 Scale Mail Armor
30:45 Elite Magyar Huszar
31:49 Conscription
32:09 Plate Barding Armor
31:41 Caravan
32:47 Cavalier
32:48 Hussar
34:55 Paladin
37:59 Two-Man Saw
40:46 Corvinian Army
41:51 Chain Mail Armor
43:24 Masonry
42:55 Treadmill Crane
43:13 Murder Holes
47:20 Coinage
51:11 Banking
54:46 Hoardings
Mario Hennisch
7:49 Feudal Age
11:36 Castle Age
9:57 Double-Bit Axe
10:00 Horse Collar
12:35 Bow Saw
12:28 Heavy Plow
14:16 Loom
16:40 Wheelbarrow
16:53 Scale Barding Armor
18:33 Forging
19:24 Husbandry
20:22 Bloodlines
21:52 Hand Cart
21:22 Town Watch
23:00 Chain Barding Armor
23:15 Iron Casting
28:21 Imperial Age
26:50 Fletching
29:25 Conscription
30:08 Two-Man Saw
28:33 Pikeman
29:49 Plate Barding Armor
29:23 Heavy Camel Rider
29:32 Light Cavalry
31:16 Imperial Camel Rider
32:31 Hussar
33:19 Caravan
33:49 Coinage
37:10 Banking
38:31 Blast Furnace
37:32 Scale Mail Armor
38:40 Padded Archer Armor
38:36 Man-at-Arms
39:16 Squires
39:16 Elite Skirmisher
39:56 Bodkin Arrow
40:20 Chain Mail Armor
40:17 Arson
41:38 Bracer
41:53 Leather Archer Armor
43:12 Town Patrol
44:25 Thumb Ring
46:08 Ring Archer Armor
46:09 Siege Elephant
51:50 Stone Mining
51:51 Gold Mining
53:33 Grand Trunk Road
53:58 Elite Ghulam
54:06 Long Swordsman
69:10 Two-Handed Swordsman
70:19 Champion
71:45 Champion
73:36 Hoardings
Chalix
7:14 Feudal Age
11:12 Castle Age
9:10 Double-Bit Axe
9:08 Horse Collar
10:17 Loom
10:28 Fletching
12:15 Bow Saw
12:25 Bow Saw
14:43 Wheelbarrow
16:28 Heavy Plow
18:33 Gold Mining
20:18 Hand Cart
20:15 Stone Mining
21:18 Padded Archer Armor
22:06 Bodkin Arrow
29:46 Imperial Age
28:03 Leather Archer Armor
28:59 Ballistics
29:05 Thumb Ring
30:30 Bracer
29:54 Elite Genoese Crossbowman
29:59 Elite Skirmisher
31:58 Ring Archer Armor
32:29 Chemistry
36:41 Crop Rotation
39:43 Caravan
40:20 Silk Road
43:24 Conscription
43:24 Forging
43:14 Scale Mail Armor
43:20 Scale Barding Armor
46:34 Two-Man Saw
46:16 Stone Shaft Mining
46:35 Bloodlines
45:46 Light Cavalry
46:27 Husbandry
47:04 Iron Casting
46:49 Chain Barding Armor
49:17 Masonry
48:48 Treadmill Crane
49:06 Murder Holes
50:27 Hussar
52:09 Blast Furnace
51:45 Plate Barding Armor
52:50 Hoardings
59:40 Capped Ram
Connection lost

Rejoining the realm…

Still unreachable

The connection could not be restored.

Session expired

The server has moved on; the page needs a fresh start.